cohdb
Replays
Latest Replays
All Replays
Popular Replays
Top Player Replays
Match Explorer
How It Works
Community
CoH3 Stats
Reddit
Sign in to upload your games and track your stats! →
Sign in with Steam
Match 39074599
Unlisted
Match 39074599
Overview
Messages
Build Orders
End
Construct Infanterie Kompanie
Selects Luftwaffe Battlegroup
Selects Luftwaffe Pioneer Support
Fallschirmpioneer Squad Paradrop
MG 42 Machine Gun Team
Grenadier Squad
MG 42 Machine Gun Team
GrW 34 Mortar Team
Medical Station
Construct Luftwaffe Kompanie
Selects Stuka Strafing Run
Grenadier Squad
Stuka Strafing Run
Selects Flak 38 Anti-Air Emplacement
Support Elements
Wirbelwind Flakpanzer
Brezelbube
insane
Semmelbresel
[-ODM-] Cegoz
DerZugvogel
Aldebaran
DGSE_MrWhite
sachok931
0
0
Comments
sign in to comment!
No comments posted yet!